 Dungeon Crawl Stone Soup version 0.27.1-34-g3ba077fa99 (webtiles) character file.

Game seed: 11200562742954820089

128 pkoi the Ruffian (level 4, -3/36 HPs)
             Began as a Draconian Monk on Jan 13, 2022.
             Slain by a hornet zombie (8 damage)
             ... on level 4 of the Dungeon.
             The game lasted 00:05:45 (3675 turns).

pkoi the Ruffian (Draconian Monk)                   Turns: 3675, Time: 00:05:46

Health: -3/36      AC:  5    Str: 20    XL:     4   Next: 86%
Magic:  4/4        EV: 12    Int: 11    God:
Gold:   141        SH:  0    Dex: 13    Spells: 3/3 levels left

rFire    . . .     SeeInvis .     - Unarmed
rCold    . . .     Faith    .   (no shield)
rNeg     . . .     Spirit   .   (armour unavailable)
rPois    .         Reflect  .   (helmet restricted)
rElec    .         Harm     .   (no cloak)
rCorr    .         Rampage  .   (no gloves)
Will     .....                  (no boots)
Stlth    ++........             (no amulet)
HPRegen  0.12/turn              a - +6 ring of strength
MPRegen  0.09/turn              (no ring)

@: brilliant, weak-willed
A: AC +5, unfitting armour, cold-blooded, talons 1, frail 1
a: no special abilities


You were on level 4 of the Dungeon.
You visited 1 branch of the dungeon, and saw 4 of its levels.

You collected 141 gold pieces.

Inventory:

Hand Weapons
 h - a +0 dagger
Jewellery
 a - a +6 ring of strength (left hand)
 f - a ring of fire
Scrolls
 b - a scroll of vulnerability
 c - 4 scrolls of identify
 d - a scroll of fog
Potions
 e - a potion of brilliance


   Skills:
 + Level 3.9 Fighting
 - Level 3.0 Dodging
 + Level 2.6 Stealth
 + Level 4.7 Unarmed Combat


You had 3 spell levels left.
You didn't know any spells.
Your spell library contained the following spells:

 Spells                   Type           Power      Damage    Failure   Level
 Passwall                 Tmut/Erth      0%         N/A       47%         2
 Swiftness                Air            0%         N/A       71%         3
 Summon Lightning Spire   Summ/Air       0%         N/A       98%         4
 Invisibility             Hex            0%         N/A       100%        6
 Storm Form               Tmut/Air       0%         N/A       100%        7
 Maxwell's Capacitive Co  Air            0%         ∞         100%        8


Dungeon Overview and Level Annotations

Branches:
Dungeon (4/15)
 Temple: D:4-7

Altars:

Annotations:
D:2 1 runed translucent door, Crazy Yiuf
D:3 1 runed translucent door, Flarelocke's ghost, amateur DsGl


Innate Abilities, Weirdness & Mutations

Your plain brown scales are hard. (AC +5)
You cannot fit into any form of body armour.
You are cold-blooded and may be slowed by cold attacks.
You have sharp toenails.
You are frail. (-10% HP)


Message History

You are too injured to fight recklessly!
You are too injured to fight recklessly!
You are too injured to fight recklessly!
You are too injured to fight recklessly!
You are too injured to fight recklessly!
You are too injured to fight recklessly!
You are too injured to fight recklessly!
You are too injured to fight recklessly!
You are too injured to fight recklessly!
You are too injured to fight recklessly!
You are too injured to fight recklessly!
It was a potion of brilliance.
You feel clever all of a sudden. The hornet zombie hits you!
* * * LOW HITPOINT WARNING * * *
It was a potion of curing.
You feel better. The hornet zombie hits you.
* * * LOW HITPOINT WARNING * * *
It was a potion of mutation.
You feel extremely strange.
You feel frail.
You feel robust.
You feel frail.
Your toenails lengthen and sharpen.
The hornet zombie barely misses you.
As you read the scroll labelled POFELAPL POGIY, it crumbles to dust.
The goblin shouts!
Magic quickly surges around you.
It was a scroll of vulnerability.
The hornet zombie closely misses you. x2
As you read the scroll labelled WEUREEPLUSILL, it crumbles to dust.
It is a scroll of identify.
d - a scroll of fog The hornet zombie closely misses you.
As you read the scroll labelled RAGHUTW KONTO, it crumbles to dust.
You feel aware of your surroundings.
You sensed 1 shop/portal.
It was a scroll of magic mapping.
The hornet zombie misses you.
Unknown command.
The hornet zombie barely misses you. The hornet zombie hits you.
* * * LOW HITPOINT WARNING * * *
You hit the hornet zombie.
You claw the hornet zombie, but do no damage.
The hornet zombie is lightly damaged.
The hornet zombie hits you!
You die...

...# ##..........,,,,**,,,* ...#
####.....#...,,,,,**,,,*
...#######......###*****,,,**,,,,
....##......###.# **,,,***,,,
........##### #.## **,,,,,,*,,,
.....#### #..# **,,,,*,,,,,,
.....# #..# *,,.,***,,,,, .....#
#..#***..#****,,,** .....#
#.@##...#* *,,,,** ∩....#
#.gZ....# **,,,,,* .....#
*#......##***,,,,,,* .....#**
*#.........#,,,,,**,,
....,,,*****#.###.......,,*,,***,
....**,,,,*#..* *#......,**,,* *,
....*****,...** *#...#.,**,,***,
....* *##.#* *#..#*,,*,,,***
.#..* #.** *..#*,,,,,,***


You could see a hornet zombie (weak-willed) and a goblin (weak-willed).

Vanquished Creatures
  Robin (D:2)
  4 adders
  A worm (D:2)
  An orc (D:3)
  6 endoplasms
  3 giant cockroaches (D:2)
  15 goblins
  7 hobgoblins
  7 jackals
  A quokka (D:1)
  A ball python (D:1)
  8 bats
  2 frilled lizards
  7 kobolds
  7 rats
71 creatures vanquished.

Notes
Turn   | Place    | Note
-------+----------+-------------------------------------------
     0 | D:1      | pkoi the Draconian Monk began the quest for the Orb.
     0 | D:1      | Reached XP level 1. HP: 19/19 MP: 1/1
     2 | D:1      | Noticed a demonspawn
     2 | D:1      | Noticed a djinni
     4 | D:1      | Noticed a demigod
     4 | D:1      | Noticed a palentonga
     6 | D:1      | Noticed a merfolk
     6 | D:1      | Noticed a spriggan
     8 | D:1      | Noticed a naga
    10 | D:1      | Noticed an elf
    12 | D:1      | Noticed a gargoyle
    12 | D:1      | Noticed a troll
    14 | D:1      | Noticed a vine stalker
    14 | D:1      | Noticed an octopode
    16 | D:1      | Noticed a barachi
    16 | D:1      | Noticed a vampire
    18 | D:1      | Noticed a draconian
    20 | D:1      | Noticed a ghoul
    20 | D:1      | Noticed a human
    22 | D:1      | Noticed a dwarf
    22 | D:1      | Noticed a tengu
    24 | D:1      | Noticed a minotaur
    24 | D:1      | Noticed an ogre
    26 | D:1      | Noticed a formicid
    26 | D:1      | Noticed a felid
   292 | D:1      | Reached XP level 2. HP: 26/26 MP: 2/2
   624 | D:1      | Reached skill level 4 in Unarmed Combat
  1016 | D:2      | Reached XP level 3. HP: 27/31 MP: 3/3
  1593 | D:2      | Reached XP level 4. HP: 38/38 MP: 4/4
  1813 | D:2      | Found a faded altar of an unknown god.
  2013 | D:2      | Found a runed translucent door.
  2014 | D:2      | Noticed Crazy Yiuf
  2251 | D:3      | Noticed Robin
  2320 | D:2      | Killed Robin
  2985 | D:3      | Found a runed translucent door.
  2990 | D:3      | Noticed Flarelocke's ghost (amateur DsGl)
  3670 | D:4      | Gained mutation: You are frail. (-10% HP) [potion of
                  | mutation]
  3670 | D:4      | Lost mutation: You are frail. (-10% HP) [potion of
                  | mutation]
  3670 | D:4      | Gained mutation: You are frail. (-10% HP) [potion of
                  | mutation]
  3670 | D:4      | Gained mutation: You have sharp toenails. [potion of
                  | mutation]
  3675 | D:4      | Slain by a hornet zombie

Illustrated notes

Levels and vault maps discovered:
D:1:      kb_arrival_jail, layout_basic
D:2:      layout_loops_ring, shapermc_ecumenical_altar_flowoftime,
          minmay_misc_feat_x, minmay_misc_feat_plants,
          kennysheep_generic_room_12, uniq_crazy_yiuf_cottage
D:3:      layout_basic, ebering_ghost_reflecting_pool, kennysheep_potato,
          uniq_robin
D:4:      layout_layer_cave, ebering_ghost_rock_garden, serial_shops,
          nicolae_shop_trees, abandoned_shop

Skill      XL: |  1  2  3  4 |
---------------+-------------+-----
Unarmed Combat | 4 |  4.7
Stealth        | 2 |  2.6
Dodging        | 3 |  3.0
Fighting       | |  3.9

Action                   |  1- 3 |  4- 6 || total
-------------------------+-------+-------++-------
Melee: Unarmed           |   143 |   105 ||   248
       Tailslap          |    16 |    19 ||    35
       Punch             |     1 |     3 ||     4
       Kick              |       |     1 ||     1
  Use: Scroll            |       |     3 ||     3
       Potion            |       |     3 ||     3
 Stab: Sleeping          |     4 |     1 ||     5
Armor: Skin              |    57 |    43 ||   100
Dodge: Dodged            |    87 |    66 ||   153
